 Dungeon Crawl Stone Soup version 0.32-a0-666-ge8a88695a4 (webtiles) character file.

Game seed: 9160396382502668393

1829 ytrimaz the Fighter (level 9, -6/74 HPs)
             Began as a Coglin Gladiator on Mar 9, 2024.
             Was a Believer of Okawaru.
             Mangled by a yak (9 damage)
             ... on level 6 of the Dungeon.
             The game lasted 00:05:36 (6620 turns).

ytrimaz the Fighter (Coglin Gladiator)              Turns: 6620, Time: 00:05:37

Health: -6/74      AC:  6    Str: 23    XL:     9   Next: 11%
Magic:  9/9        EV: 12    Int: 13    God:    Okawaru [**....]
Gold:   192        SH:  0    Dex: 15    Spells: 8/8 levels left

rFire   . . .        a - +0 war axe {Ingrid}
rCold   . . .        r - +8 long sword of Springtime {venom, Str+5 Int+4}
rNeg    . . .        b - +0 leather armour
rPois   .            c - +0 helmet
rElec   .            s - +0 cloak
rCorr   .            (no gloves)
SInv    .            (no boots)
Will    .....        (amulet unavailable)
Stlth   +            (ring unavailable)
HPRegen 0.32/turn    (ring unavailable)
MPRegen 0.11/turn    (no gizmo)

%: no passive effects
@: revved
A: off-hand wielding, slow wielding, warmup strikes, no jewellery
a: Invent Gizmo, Renounce Religion, Heroism


You were on level 6 of the Dungeon.
You worshipped Okawaru.
Okawaru was pleased with you.
You visited 1 branch of the dungeon, and saw 6 of its levels.

You collected 396 gold pieces.
You spent 204 gold pieces at shops.


Innate Abilities, Weirdness & Mutations

You can wield a second weapon in your off-hand.
It takes a long time for you to wield or remove held weapons.
Your first few attacks do less damage.
You cannot equip rings or amulets.


   Skills:
 + Level 8.2 Fighting
 + Level 3.6 Long Blades
 - Level 3.9 Axes
 - Level 1.7 Throwing
 - Level 6.1 Armour
 - Level 2.6 Dodging


You had 8 spell levels left.
You didn't know any spells.
Your spell library was empty.

Inventory:

Hand Weapons
 a - a +0 war axe (weapon) {Ingrid}
 f - a +0 dagger {Kiko}
 r - the +8 long sword of Springtime (offhand) {venom, Str+5 Int+4}
   (You bought it in a shop on level 2 of the Dungeon)

   Str+5:     It affects your strength (+5).
   Int+4:     It affects your intelligence (+4).
 w - a +0 heavy hand axe {Manveen}
   (You took it off an orc on level 5 of the Dungeon)
Missiles
 d - 3 throwing nets (quivered)
 e - a javelin
Armour
 b - a +0 leather armour (worn)
 c - a +0 helmet (worn)
 m - a +0 plate armour
   (You found it on level 2 of the Dungeon)
 s - a +0 cloak (worn)
   (You found it on level 4 of the Dungeon)
Wands
 h - a wand of warping (10)
   (You found it on level 3 of the Dungeon)
 o - a wand of charming (11)
   (You found it on level 3 of the Dungeon)
 v - a wand of acid (8)
   (You found it on level 5 of the Dungeon)
Scrolls
 g - a scroll of enchant weapon
 i - 2 scrolls of vulnerability
 j - a scroll of enchant armour
 k - 2 scrolls of fear
 p - 2 scrolls of teleportation
 q - a scroll of poison
Potions
 l - a potion of heal wounds
 n - 2 potions of invisibility
 t - a potion of magic
 u - 2 potions of curing {unknown}

Dungeon Overview and Level Annotations

Branches:
Dungeon (6/15) Zot: 25744
 Temple: D:4-7

Altars:
Ashenzari
Elyvilon
Makhleb
Okawaru
Sif Muna
Uskayaw
Wu Jian
Yredelemnul

Shops:
D:1 =   D:2 (   D:5 ?

Annotations:
D:3 1 runed translucent door, 2 transporters

#.......####.........####...####
...........+......<..+.......#
...........#.........####...##
##..♣♣♣♣...##.......## ##..#
..........####.....## ##.#
###.####### ##...## ###.# #.#
##'## #...# ##.## #Y# #.###
##...## #####@########.#
#..#..######...#.......##.#
#.###........#....####.##.#
#).#..######.......#......#
##...## ##.#...##.#.#### #####
#.##..##.#.# #.###.##.#.#
#........#.# #####......#


You could see a yak (extremely poisoned).


Message History

You slash the water moccasin with the +8 long sword of Springtime!
You kill the water moccasin!
Okawaru accepts your kill.
You feel very sick. Something hits you!
* * * LOW HITPOINT WARNING * * *
Your Fighting skill increases to level 8! 😱 HP[-13]
You take 13 damage, and now have 13/74 hp.
Unknown command.
You feel much better.
You feel sick. Something hits you!
* * * LOW HITPOINT WARNING * * *
The yak closely misses you. Something hits you.
* * * LOW HITPOINT WARNING * * *
😨 HP[+15]
You regained 15 hp, and now have 28/74 hp.
You feel sick. Something hits you!
* * * LOW HITPOINT WARNING * * *
The yak attacks as it pursues you!
The yak gores you but does no damage. 😨 HP[-9]
You take 9 damage, and now have 19/74 hp.
You feel sick. Something hits you!
* * * LOW HITPOINT WARNING * * *
😱 HP[-8]
You take 8 damage, and now have 11/74 hp.
Unknown command.
You feel sick. 😱 HP[-1]
You take 1 damage, and now have 10/74 hp.
As you read the scroll of fear, it crumbles to dust.
You assume a fearsome visage.
The yak looks frightened!
You feel sick. 😱 HP[-1]
You take 1 damage, and now have 9/74 hp.
Unknown command.
You feel sick. 😱 HP[-1]
You take 1 damage, and now have 8/74 hp.
You feel sick.
You feel sick.
You are no longer poisoned. 😱 HP[-1]
You take 1 damage, and now have 7/74 hp.
The iguana bites you.
* * * LOW HITPOINT WARNING * * *
😱 HP[-1]
You take 1 damage, and now have 6/74 hp.
You slash the iguana with the +8 long sword of Springtime!
You slash the iguana with your +0 war axe!
You kill the iguana!
Okawaru accepts your kill.
Unknown command. 😱 HP[+1] 😱 HP[+1] 😱 HP[+1]
There is an open door here. 😱 HP[+1]
You close the door.
You start resting.
A yak is nearby! 😨 HP[+16]
You regained 16 hp, and now have 26/74 hp.
Unknown command. 😨 HP[+1] As you open the door, it creaks loudly!
There is an open door here. 😨 HP[+1] 😨 HP[+1] 😨 HP[+1]
You barely miss the yak with your +0 war axe.
You hit the yak but do no damage. The yak closely misses you.
You hit the yak with your +0 war axe.
You hit the yak with the +8 long sword of Springtime.
The yak gores you.
* * * LOW HITPOINT WARNING * * *
😨 HP[-1]
You take 1 damage, and now have 29/74 hp.
You barely miss the yak with your +0 war axe.
You hit the yak with the +8 long sword of Springtime.
The yak is poisoned.
The yak gores you but does no damage. The yak gores you!
* * * LOW HITPOINT WARNING * * *
😱 HP[-13]
You take 13 damage, and now have 16/74 hp.
You barely miss the yak with your +0 war axe.
You hit the yak with the +8 long sword of Springtime.
The yak looks as sick as possible!
The yak closely misses you.
You closely miss the yak with your +0 war axe.
You hit the yak with the +8 long sword of Springtime.
The yak looks as sick as possible!
The yak gores you.
* * * LOW HITPOINT WARNING * * *
😱 HP[-2]
You take 2 damage, and now have 14/74 hp.
You hit the yak with the +8 long sword of Springtime.
The yak looks as sick as possible!
You hit the yak with your +0 war axe. The yak gores you!
* * * LOW HITPOINT WARNING * * *
😱 HP[-11]
You take 11 damage, and now have 3/74 hp.
You barely miss the yak with the +8 long sword of Springtime.
You hit the yak but do no damage. The yak gores you!
You die...

Skill      XL: |  1  2  3  4  5  6  7  8  9 |
---------------+----------------------------+-----
Armour         | 1 2 3 5 6 |  6.1
Fighting       | 3 4 6 7 8 |  8.2
Long Blades    | 3 |  3.6
Axes           | |  3.9
Throwing       | |  1.7
Dodging        | |  2.6

Action                     |  1- 3 |  4- 6 |  7- 9 || total
---------------------------+-------+-------+-------++-------
  Melee: War axe           |    63 |    88 |   100 ||   251
         Dagger            |    54 |    53 |       ||   107
         Long sword        |       |    24 |   109 ||   133
    Use: Scroll            |     7 |     2 |     3 ||    12
         Potion            |       |       |     3 ||     3
   Stab: Sleeping          |       |       |     1 ||     1
 Armour: Leather armour    |    46 |    51 |   112 ||   209
  Dodge: Dodged            |    53 |    63 |    76 ||   192

Levels and vault maps discovered:
D:1:      ncdulo_smallfort, layout_basic, serial_shops, shop
D:2:      layout_loops_ring, serial_undead, serial_undead_b, serial_undead_d,
          serial_undead_d, serial_undead_f, serial_undead_a, basic_altar,
          serial_shops, shop
D:3:      gammafunk_steamed_eel, layout_loops_ring,
          ashenzari_conservatory_becter, dk_yredelemnul_ordeal,
          hellmonk_ecumenical_altar_pennies_from_heaven,
          minmay_fractal_squares_diagonal_5
D:4:      layout_loops_ring, kennysheep_mini_moat, minmay_misc_feat_ornament
D:5:      layout_basic, nicolae_overflow_hidden_temple, marbit_many_paths,
          serial_shops, shop, serial_bayou_lagoon_a, minmay_small_thing
D:6:      kennysheep_big_flooded_room, layout_loops_corners, kennysheep_mini,
          mainiacjoe_overflow_boulevard, uniq_edmund, uniq_blork_the_orc

Notes
Turn   | Place    | Note
-------+----------+-------------------------------------------
     0 | D:1      | ytrimaz the Coglin Gladiator began the quest for the Orb.
     0 | D:1      | Reached XP level 1. HP: 16/16 MP: 1/1
     0 | D:1      | magus.rc [v1.9.6]
    32 | D:1      | Found Vefod's Jewellery Shop.
   330 | D:1      | Reached XP level 2. HP: 13/22 MP: 2/2
   861 | D:2      | Found Fuojon's Antique Weapon Boutique.
  1335 | D:2      | Found a burning altar of Makhleb.
  1403 | D:2      | Reached XP level 3. HP: 27/27 MP: 3/3
  1756 | D:3      | Found a runed translucent door.
  1757 | D:3      | Noticed a human
  1772 | D:3      | Reached skill level 1 in Armour
  1772 | D:3      | Reached XP level 4. HP: 12/34 MP: 4/4
  1860 | D:3      | Found a basalt altar of Yredelemnul.
  1949 | D:3      | Found a transporter.
  2080 | D:3      | Found a transporter.
  2152 | D:3      | Found a faded altar of an unknown god.
  2264 | D:3      | Reached skill level 3 in Fighting
  2369 | D:3      | Reached skill level 2 in Armour
  2512 | D:3      | Found a broken altar of Ashenzari.
  2966 | D:2      | Bought a smoking long sword for 204 gold pieces
  2966 | D:2      | Identified the +8 long sword of Springtime {venom, Str+5
                  | Int+4} (You bought it in a shop on level 2 of the Dungeon)
  3071 | D:4      | Noticed a scorpion
  3075 | D:4      | Killed a scorpion
  3076 | D:4      | Reached XP level 5. HP: 25/42 MP: 5/5
  3080 | D:4      | HP: 10/42 [poisoned by a scorpion]
  3312 | D:4      | Reached skill level 4 in Fighting
  3312 | D:4      | Reached skill level 3 in Armour
  3312 | D:4      | Reached XP level 6. HP: 48/48 MP: 6/6
  3688 | D:4      | Found an iron altar of Okawaru.
  3700 | D:4      | Became a worshipper of Warmaster Okawaru
  3741 | D:5      | Entered Level 5 of the Dungeon
  3825 | D:5      | Reached XP level 7. HP: 55/55 MP: 7/7
  3881 | D:5      | Reached skill level 5 in Fighting
  3881 | D:5      | Reached skill level 4 in Armour
  4056 | D:5      | Found a shimmering blue altar of Sif Muna.
  4066 | D:5      | Found Rulesul's Magic Scroll Shoppe.
  4069 | D:5      | Reached * piety under Okawaru
  4395 | D:5      | Reached skill level 6 in Fighting
  4395 | D:5      | Reached skill level 5 in Armour
  4451 | D:5      | Reached XP level 8. HP: 56/64 MP: 8/8
  4453 | D:5      | Found an ornate altar of the Wu Jian Council.
  4521 | D:5      | HP: 12/64 [ogre/+0 giant spiked club (19)]
  5043 | D:5      | Noticed a wraith
  5051 | D:5      | Killed a wraith
  5432 | D:6      | Noticed Blork the orc
  5437 | D:6      | Killed Blork the orc
  5437 | D:6      | Reached ** piety under Okawaru
  5438 | D:6      | Reached skill level 7 in Fighting
  5438 | D:6      | Reached skill level 6 in Armour
  5523 | D:6      | Found a white marble altar of Elyvilon.
  5532 | D:6      | Found a hide-covered altar of Uskayaw.
  5636 | D:6      | Reached skill level 1 in Long Blades
  5776 | D:6      | Noticed Edmund
  5785 | D:6      | Killed Edmund
  5786 | D:6      | Reached skill level 2 in Long Blades
  6367 | D:6      | Reached skill level 3 in Long Blades
  6367 | D:6      | Reached XP level 9. HP: 47/74 MP: 9/9
  6517 | D:6      | HP: 16/74 [something (5)]
  6523 | D:6      | HP: 15/74 [something (7)]
  6528 | D:6      | HP: 13/74 [something (8)]
  6529 | D:6      | Reached skill level 8 in Fighting
  6533 | D:6      | HP: 9/74 [poisoned by a water moccasin]
  6538 | D:6      | HP: 6/74 [iguana (2)]
  6616 | D:6      | HP: 16/74 [yak (14)]
  6619 | D:6      | HP: 3/74 [yak (11)]
  6620 | D:6      | Mangled by a yak

Vanquished Creatures
  A wraith (D:5)
  Edmund (D:6)
  2 water moccasins
  An ice beast (D:6)
  A centaur (D:5)
  An ogre (D:5)
  Blork the orc (D:6)
  6 scorpions
  A wight (D:5)
  A howler monkey (D:5)
  2 bombardier beetles (D:5)
  2 orc priests
  A jelly (D:5)
  2 hounds
  A human zombie (D:3)
  6 iguanas
  7 adders
  2 white imps
  A ribbon worm (D:3)
  3 dart slugs
  16 orcs
  2 endoplasms
  3 giant cockroaches
  9 hobgoblins
  4 jackals (D:4)
  6 kobolds
  6 quokkas
  3 ball pythons
  A ball python skeleton (D:2)
  A ball python zombie (D:2)
  6 bats
  9 goblins
  A jackal skeleton (D:2)
  5 rats
115 creatures vanquished.

Table legend:
 A = Non-vault XP
 B = Vault XP
 C = Vault XP percentage of total XP
 D = Non-vault monster count
 E = Vault monster count
 F = Vault count percentage of total count
                 A         B        C        D         E       F
            +---------+---------+-------+---------+---------+-------
      Total |    1977 |     636 |  24.3 |     101 |      14 |  12.2
            +---------+---------+-------+---------+---------+-------
        D:1 |      21 |       0 |   0.0 |      12 |       0 |   0.0
        D:2 |      18 |       3 |  14.3 |      11 |       3 |  21.4
        D:3 |      64 |      54 |  45.8 |      20 |       6 |  23.1
        D:4 |     337 |       0 |   0.0 |      23 |       0 |   0.0
        D:5 |     857 |     312 |  26.7 |      20 |       3 |  13.0
        D:6 |     680 |     267 |  28.2 |      15 |       2 |  11.8
            +---------+---------+-------+---------+---------+-------

Skill      XL: |  1  2  3  4  5  6  7  8  9 |
---------------+----------------------------+-----
Armour         | 1 2 3 5 6 |  6.1
Fighting       | 3 4 6 7 8 |  8.2
Long Blades    | 3 |  3.6
Axes           | |  3.9
Throwing       | |  1.7
Dodging        | |  2.6

Action                     |  1- 3 |  4- 6 |  7- 9 || total
---------------------------+-------+-------+-------++-------
  Melee: War axe           |    63 |    88 |   100 ||   251
         Dagger            |    54 |    53 |       ||   107
         Long sword        |       |    24 |   109 ||   133
    Use: Scroll            |     7 |     2 |     3 ||    12
         Potion            |       |       |     3 ||     3
   Stab: Sleeping          |       |       |     1 ||     1
 Armour: Leather armour    |    46 |    51 |   112 ||   209
  Dodge: Dodged            |    53 |    63 |    76 ||   192

Illustrated notes

Table legend:
 A = Kills in this place as a percentage of kills in the entire game.
 B = Kills by you in this place as a percentage of kills by you in the entire game.
 C = Kills by friends in this place as a percentage of kills by friends in the entire game.
 D = Other kills in this place as a percentage of other kills in the entire game.
 E = Experience gained in this place as a percentage of experience gained in the entire game.
 F = Experience gained in this place divided by the number of levels of this place that you have seen.
                   A       B       C       D       E      F
               +-------+-------+-------+-------+-------+----------------------
         Total | 100.0 | 100.0 |   N/A |   N/A | 100.0 | 435.5
       Dungeon | 100.0 | 100.0 |   N/A |   N/A | 100.0 | 435.5
               +-------+-------+-------+-------+-------+----------------------

Table legend: (Time is in decaauts)
 A = Elapsed time spent in this place.
 B = Non-inter-level travel time spent in this place.
 C = Inter-level travel time spent in this place.
 D = Time resting spent in this place.
 E = Time spent auto-exploring this place.
 F = Levels seen in this place.
 G = Mean time per level.
                   A        B        C        D        E       F      G
               +--------+--------+--------+--------+--------+-----+--------+
         Total |   6709 |   6350 |    359 |    565 |   4835 |   6 | 1118.2 |
       Dungeon |   6709 |   6350 |    359 |    565 |   4835 |   6 | 1118.2 |
               +--------+--------+--------+--------+--------+-----+--------+

Top non-repeatable levels by time:
     D:5: 1675 daAuts
     D:3: 1295 daAuts
     D:6: 1254 daAuts
     D:2: 1069 daAuts
     D:1: 757 daAuts
     D:4: 657 daAuts
